 Dungeon Crawl Stone Soup version 0.17.1-3-g152610e (webtiles) character file.

81 Jerry the Skirmisher (level 4, -6/35 HPs)
             Began as a Demonspawn Chaos Knight on Mar 6, 2016.
             Mangled by Natasha (10 damage)
             ... on level 2 of the Dungeon.
             The game lasted 00:05:19 (1402 turns).

Jerry the Skirmisher (Demonspawn Chaos Knight)      Turns: 1402, Time: 00:05:19

Health: -6/35      AC:  5    Str: 12    XL:     4   Next: 19%
Magic:  4/4        EV: 12    Int: 14    God:    Xom [..*...]
Gold:   70         SH:  0    Dex: 13    Spells: 0 memorised, 3 levels left

rFire  + . .     SeeInvis .     d - +1 whip (venom)
rCold  . . .     Clarity  .     b - +2 leather armour
rNeg   . . .     SustAt   .     (no shield)
rPois  .         Gourm    .     (no helmet)
rElec  .         Spirit   .     (no cloak)
rCorr  .         Warding  .     (no gloves)
rMut   .         Stasis   .     (no boots)
MR     .....                    (no amulet)
Stlth  ..........               (no ring)
                                h - ring of loudness (curse)

@: not resistant to hostile enchantments, extremely unstealthy
A: talons 1, fire resistance 1
a: Renounce Religion


You were on level 2 of the Dungeon.
You worshipped Xom.
You were a toy of Xom.
You were not hungry.

You visited 1 branch of the dungeon, and saw 2 of its levels.

You collected 70 gold pieces.

Inventory:

Hand Weapons
 a - a +0 mace of chaos
 d - a +1 whip of venom (weapon)
Armour
 b - a +2 leather armour (worn)
Jewellery
 h - a cursed ring of loudness (left hand)
Scrolls
 e - 3 scrolls of identify {unknown}
 f - a scroll of immolation {unknown}
 i - a scroll of enchant armour {unknown}
 j - a scroll of amnesia {unknown}
 k - a scroll of blinking {unknown}
 l - a scroll of enchant weapon {unknown}
Potions
 g - a potion of heal wounds {unknown}
Comestibles
 c - 2 bread rations


   Skills:
 + Level 3.5 Fighting
 + Level 3.1 Maces & Flails
 + Level 2.4 Armour
 + Level 2.2 Dodging


You had 3 spell levels left.
You didn't know any spells.

Dungeon Overview and Level Annotations

Branches:
Dungeon (2/15)

Altars:
Xom

Annotations:
D:2 Natasha


Innate Abilities, Weirdness & Mutations

You have sharp toenails.
Your flesh is heat resistant.


Message History

You miss the crimson imp.
You claw the crimson imp, but do no damage.
The crimson imp is severely wounded.
The crimson imp barely misses you.
You closely miss the crimson imp.
The crimson imp is severely wounded.
Natasha casts a spell next to you.
A cloud of flames roars to life!
The crimson imp blinks!
Natasha closely misses you.
Items here: )) ††† a club x2 a giant gecko corpse; a goblin corpse; a goblin corpse You closely miss Natasha.
You claw Natasha, but do no damage.
Natasha is severely wounded.
Natasha misses you. The crimson imp closely misses you.
You closely miss Natasha. Your kick misses Natasha.
Natasha is severely wounded. "See what I see, my child!"
You detect creatures!
Natasha claws you!
You die...

..>...[ .......
....... .......
###### .......
#....######.......
#. #
+....+....h5......
##..# #....# #@#
....# r #....# #.##
..... #....# #§#.
(.# ##.#
#....#####.#.##.#
#.#
#.##..........#..#.#
#..
#...........####.#.#
#..
########.##.####.#.#
####.. #.....†...#.#
#......
####.####.#.#
#......


You could see Natasha and a crimson imp.

Vanquished Creatures
  Natasha (D:2)
  An ooze (D:1)
  3 giant geckos
  7 bats
  4 giant cockroaches
  8 hobgoblins
  4 jackals (D:2)
  A quokka (D:2)
  3 giant newts (D:1)
  5 goblins (D:2)
  5 kobolds
  8 rats
50 creatures vanquished.

Notes
Turn   | Place    | Note
--------------------------------------------------------------
     0 | D:1      | Jerry the Demonspawn Chaos Knight began the quest for the Orb.
     0 | D:1      | Reached XP level 1. HP: 18/18 MP: 1/1
    30 | D:1      | Reached skill level 1 in Dodging
   108 | D:1      | Gained mutation: You have sharp toenails. [demonic ancestry]
   108 | D:1      | Reached XP level 2. HP: 24/24 MP: 2/2
   440 | D:1      | XOM: mild Tloc miscast
   493 | D:1      | XOM: harmless Hex miscast
   826 | D:1      | XOM: silly message
   948 | D:2      | Reached XP level 3. HP: 26/29 MP: 3/3
  1088 | D:2      | Found a shimmering altar of Xom.
  1208 | D:2      | XOM: harmless Air miscast
  1259 | D:2      | XOM: confuse monster(s)
  1322 | D:2      | Noticed Natasha
  1322 | D:2      | XOM: harmless Hex miscast
  1329 | D:2      | Killed Natasha
  1329 | D:2      | Gained mutation: Your flesh is heat resistant. [demonic ancestry]
  1329 | D:2      | Reached XP level 4. HP: 31/35 MP: 4/4
  1362 | D:2      | XOM: silly message
  1378 | D:2      | Noticed Natasha
  1402 | D:2      | XOM: divination: detect creatures
  1402 | D:2      | Mangled by Natasha

Action                   |  1- 3 |  4- 6 || total
-------------------------+-------+-------++-------
Melee: Whip              |   103 |    23 ||   126
  Eat: Chunk             |     1 |     1 ||     2
